Unix NetHack Version 3.7.0-89 Work-in-progress - last build Nov 3 2023 05:48:50 (ea8ed35e81eded05176fbf39db35bf4bcaa3adb9,branch:master). Game began 2023-11-13 18:56:16, ended 2023-11-15 21:39:31. Oski, lawful male human Knight --------------------------------------- --- --- --- |..................)..................| ---.--- --.--- --- --.--- |.-----------#------------#----------.| --.....| |....---.| |....----.|)%..........)..[...`............`#.| |......| --.......| --..........-------------.-------.---------.|.-----.....| ---.....------......|*|...|.......|.|.....|.|(.|....| |.)......---- |......<.-----....|`|...|...|`..+.|.._..|...(.....| |`..-....| ----- --..|)--..........|.|...|...%...|.|.....|.|.`|....| |.)......| |...-- ---|.|--------...|.| ..|..[-----.|..0..|.------.-- |`.......| ---....| |.| |(..|.--.---.--....)--...--.........`.|......|.| ----.....-- |.| |...|....`....[....{.[...@..{.........|......|.-----........-- |.| --...|.--.---.--...F.....[)))........` |.----.|..>............| --.-- --....|.|...|...|-|--......-----[---|--.|.| |.----....|......-- |...| --....*|.|..`|...|...|......|......|...|.#.| |...|---.---.....| --.-- |.....*#.|...|...|...|......+......|.(.|.|.| |...-- --- |...--- --- |......|.|...|...|...|......|..|(..|...| |.| ---..-- --..-- --.---.|.-------------......------------ |.| -...| --..-- --- |.|......................` |.| |....| --..-- |.----------------#------------------.| |..--- |...| |........................`............| ---- ----- -------------------------------------- Oski the Bachelor St:17 Dx:9 Co:15 In:7 Wi:13 Ch:17 Lawful S:5242 Dlvl:7 $:166 HP:0(53) Pw:52(52) AC:-6 Xp:7/1179 T:6474 Hungry Conf Latest messages: F - 3 blessed daggers (at the ready). In what direction? 6 The dagger hits the wererat. In what direction? 6 The dagger hits the wererat. In what direction? 6 The dagger hits the wererat. The wererat wields an orcish short sword! What do you want to ready? j - 4 uncursed daggers (at the ready). In what direction? 6 The dagger hits the wererat. You miss the wererat. You kill the wererat! There are several objects here. You have extreme difficulty lifting a wererat corpse. Continue? [ynq] (q) y d - a wererat corpse. You can barely move a handspan with this load! You are beginning to feel hungry. What do you want to sacrifice? You'll regret this infamous offense! The blood covers the altar! You have summoned Yeenoghu! You are terrified, and unable to move. The voice of Lugh booms: "Thou hast angered me." You are being punished for your misbehavior! Your movements are now unencumbered. Yeenoghu drinks a yellow potion! Suddenly you cannot see Yeenoghu. It hits! It hits! It hits! It hits again! You are getting confused. It hits! You hear a mumbled curse. You can move again. It hits! It hits again! It hits! You hear a mumbled curse. The magic missile hits you! The magic missile whizzes by you! It hits! You die... Do you want your possessions identified? [ynq] (y) y Do you want to see your attributes? [ynq] (y) n Do you want an account of creatures vanquished? [ynaq] (y) n Do you want to see your conduct and achievements? [ynq] (y) n Do you want to see the dungeon overview? [ynq] (y) n Inventory: Coins $ - 166 gold pieces Weapons j - 3 +0 daggers (at the ready) a - a +1 long sword (weapon in hand) Armor t - an uncursed +0 dwarvish iron helm (being worn) f - an uncursed +0 pair of leather gloves (being worn) v - an uncursed +0 pair of iron shoes (being worn) x - an uncursed +0 dwarvish roundshield (being worn) X - a blessed +3 dwarvish cloak (being worn) s - a blessed +0 dwarvish mithril-coat (being worn) Comestibles P - a cursed slime mold g - 7 uncursed apples h - 12 uncursed carrots I - an uncursed fortune cookie l - an uncursed lembas wafer Scrolls e - an uncursed scroll of identify E - a cursed scroll of identify Z - an uncursed scroll of teleportation Potions U - an uncursed potion of confusion T - an uncursed potion of speed Rings Q - an uncursed ring of conflict (on right hand) V - an uncursed ring of polymorph control (on left hand) A - an uncursed ring of sustain ability Wands R - a wand of light (0:11) n - a wand of locking (0:7) b - a wand of magic missile (0:0) N - a wand of magic missile (0:0) u - a wand of polymorph (0:3) K - a wand of striking (0:0) L - a wand of striking (0:0) M - a wand of striking (0:0) q - a wand of teleportation (0:7) Tools S - an uncursed oil lamp J - a +0 pick-axe m - an uncursed skeleton key Oski the Knight's attributes: Background: You were a Bachelor, a level 7 male human Knight. You were lawful, on a mission for Lugh who was opposed by Brigit (neutral) and Manannan Mac Lir (chaotic). You were in the Gnomish Mines, on level 7. You entered the dungeon 6474 turns ago. There was a new moon in effect when your adventure ended. You had 1179 experience points, 101 more were needed to attain level 8. Your score was 5242 before end-of-game adjustments. Basics: You had 0 out of 53 hit points. You had all 52 energy points (spell power). Your armor class was -6. Your wallet contained 166 zorkmids. Autopickup was off. Final Characteristics: Your strength was 17 (peak:18, limit:18/100). Your dexterity was 9 (limit:18). Your constitution was 15 (limit:18). Your intelligence was 7 (limit:18). Your wisdom was 13 (peak:14, limit:18). Your charisma was 17 (limit:18). Final Status: You were confused. You were chained to a heavy iron ball. You were hungry. You were unencumbered. You were wielding a long sword. You were skilled in long sword and could have enhanced that. Final Attributes: You were piously aligned. You were telepathic. You caused conflict. You could jump. You were guarded. You had polymorph control. You were fast. You were very unlucky. Lugh was angry with you. You are dead. Miscellaneous: You never encountered a bones level. Total elapsed playing time was 2 hours, 34 minutes and 31 seconds. Major events: Turn 1: Oski the lawful male human Knight entered the dungeon 693: entered the Gnomish Mines 977: attained the rank of Esquire (level 3) 3102: attained the rank of Bachelor (level 6) 4070: reached Mine Town 6474: killed by invisible Yeenoghu Vanquished creatures: 3 giant beetles 5 orc-captains an iron piercer a horse a jaguar a soldier ant a bugbear an imp 4 Uruk-hai 5 orc shamans 3 rock moles 6 gnome leaders an elf zombie a paper golem 7 giant ants a floating eye 8 dwarves a kobold leader 13 hill orcs 2 rothes a centipede 2 dwarf zombies a wererat an iguana a gas spore 2 hobbits 5 giant rats 7 cave spiders a yellow mold 2 red molds 24 gnomes a gnome zombie a gecko 10 jackals a fox a kobold 3 goblins a sewer rat 11 grid bugs 6 lichens a kobold zombie 5 newts 154 creatures vanquished. No species were genocided or became extinct. Voluntary challenges: You read items or engraved 25 times. You engraved Elbereth 16 times. You never genocided any monsters. You never polymorphed an object. You never changed form. You used no wishes. Achievements: You entered the Gnomish Mines. You attained the rank of Esquire. You attained the rank of Bachelor. You entered Minetown. The Dungeons of Doom: levels 1 to 6 Level 1: Level 2: A fountain. Level 3: Some fountains. Stairs down to The Gnomish Mines. Level 4: A fountain. Level 5: Level 6: The Gnomish Mines: levels 4 to 8 Level 4: Level 5: Level 6: Level 7: <- You were here. An altar, some fountains. Final resting place for you, killed by invisible Yeenoghu. Level 8: Game over: ---------- / \ / REST \ / IN \ / PEACE \ / \ | Oski | | 166 Au | | killed by | | invisible | | Yeenoghu | | | | 2023 | *| * * * | * _________)/\\_//(\/(/\)/\//\/|_)_______ Fare thee well Oski the Knight... You died in The Gnomish Mines on dungeon level 7 with 5226 points, and 166 pieces of gold, after 6474 moves. You were level 7 with a maximum of 53 hit points when you died.